 Dungeon Crawl Stone Soup version 0.19.0-2-gae57169 (webtiles) character file.

509 dobroeutro the Archer (level 6, -5/54 HPs)
             Began as a Centaur Hunter on Nov 6, 2016.
             Slain by Pikel
             ... wielding a +0 whip of electrocution
              (18 damage)
             ... on level 5 of the Dungeon.
             The game lasted 00:05:24 (4670 turns).

dobroeutro the Archer (Centaur Hunter)              Turns: 4670, Time: 00:05:25

Health: -5/54      AC:  8    Str: 15 (16) XL:     6   Next: 98%
Magic:  6/6        EV:  9    Int:  8 (10) God:
Gold:   111        SH:  0    Dex:  9 (10) Spells: 0 memorised, 5 levels left

rFire  . . .     SeeInvis .     t - +0 longbow
rCold  . . .     Gourm    .     c - +0 leather armour
rNeg   . . .     Faith    .     (shield currently unavailable)
rPois  .         Spirit   .     (no helmet)
rElec  .         Reflect  .     r - +0 cloak
rCorr  .         Harm     .     y - +1 pair of gloves
MR     .....     Rnd*Rage +     (no barding)
Stlth  +.........               (no amulet)
                                (no ring)
                                (no ring)

@: very quick
A: hooves 3, rugged brown scales 1, berserk 1, deformed body, speed 2, tough
skin 3
a: no special abilities


You were on level 5 of the Dungeon.
You were not hungry.

You visited 1 branch of the dungeon, and saw 5 of its levels.

You collected 210 gold pieces.
You spent 99 gold pieces at shops.

Inventory:

Hand Weapons
 a - a +1 shortbow
 b - a +0 short sword
 t - a +0 longbow (weapon)
Missiles
 d - 31 arrows (quivered)
Armour
 c - a +0 leather armour (worn)
 r - a +0 cloak (worn)
 y - a +1 pair of gloves (worn)
Scrolls
 h - 2 scrolls of remove curse {unknown}
 j - 6 scrolls of identify {unknown}
 s - a scroll of immolation {unknown}
 v - a scroll of amnesia {unknown}
 w - a scroll of teleportation {unknown}
 x - a scroll of blinking {unknown}
Potions
 e - a potion of might
 g - a potion of agility {unknown}
 k - 2 potions of brilliance
 l - 2 potions of curing
 m - a potion of degeneration
 o - a potion of lignification {unknown}
 p - a potion of mutation
 q - a potion of magic {unknown}
 u - a potion of invisibility {unknown}
Comestibles
 f - 6 bread rations
 i - 5 meat rations
 n - a beef jerky


   Skills:
 + Level 4.6 Fighting
 + Level 9.4 Bows
 - Level 1.3 Dodging
 - Level 0.4 Stealth


You had 5 spell levels left.
You didn't know any spells.

Dungeon Overview and Level Annotations

Branches:
Dungeon (5/15)
 Temple: D:4-7

Altars:

Shops:
D:4 *

Annotations:
D:5 Pikel


Innate Abilities, Weirdness & Mutations

You have hooves in place of feet.
Armour fits poorly on your strangely shaped body.
You cover ground very quickly.
You have extremely tough skin. (AC +3)
You are partially covered in rugged brown scales. (AC +1, +3% HP)
You tend to lose your temper in combat.


Message History

The arrow hits Pikel but does no damage.
Pikel is moderately wounded.
Firing (i - inventory):
d - 34 arrows (quivered)
Press: ? - help, Shift-Dir - straight line, f/p - Pikel
Aim: Pikel, wielding a whip of electrocution and wearing a glowing robe (moderately wounded)
You shoot an arrow. The arrow closely misses Pikel.
Firing (i - inventory):
d - 33 arrows (quivered)
Press: ? - help, Shift-Dir - straight line, f/p - Pikel
Aim: Pikel, wielding a whip of electrocution and wearing a glowing robe (moderately wounded)
You shoot an arrow. The arrow hits Pikel!
Pikel is heavily wounded.
Pikel says, "I just want to get paid!"
Firing (i - inventory):
d - 32 arrows (quivered)
Press: ? - help, Shift-Dir - straight line, f/p - Pikel
Aim: Pikel, wielding a whip of electrocution and wearing a glowing robe (heavily wounded)
You shoot an arrow. The arrow barely misses Pikel.
Pikel hits you with a whip of electrocution.
* * * LOW HITPOINT WARNING * * *
You are electrocuted!
You die...

###..### ##..............
##...### #...............
###......#####..#............
##.......#....................
###.....######..####............
##.....### ##.# ##...........
.....### #.# #..........# ...###
#[# ##.........# #### #@#
##........# # #K# #.......## #.#
##.....## #(# ##.#### ##### #.#
### ##...## #.# #.....###.#
##.......#(## ##......K....#


You could see Pikel.

Vanquished Creatures
  3 slaves (D:5)
  A phantom (D:4)
  A scorpion (D:5)
  A water moccasin skeleton (D:4)
  A howler monkey (D:4)
  An orc priest (D:3)
  4 worker ants
  6 adders
  3 gnolls (D:3)
  A shadow imp (D:5)
  3 worms
  A dart slug (D:3)
  4 leopard geckos
  3 orcs (D:3)
  2 ball pythons
  5 giant cockroaches
  4 goblins (D:2)
  6 hobgoblins
  3 kobolds
  2 quokkas (D:3)
  5 bats
  2 frilled lizards
  A jackal skeleton (D:5)
  A leopard gecko skeleton (D:4)
  8 rats
72 creatures vanquished.

Notes
Turn   | Place    | Note
-------+----------+-------------------------------------------
     0 | D:1      | dobroeutro the Centaur Hunter began the quest for the Orb.
     0 | D:1      | Reached XP level 1. HP: 17/17 MP: 1/1
   433 | D:1      | Reached XP level 2. HP: 24/24 MP: 2/2
   485 | D:1      | Reached skill level 6 in Bows
  1171 | D:2      | Reached XP level 3. HP: 17/29 MP: 3/3
  1645 | D:2      | Reached skill level 7 in Bows
  2350 | D:3      | Reached XP level 4. HP: 34/36 MP: 4/4
  2477 | D:3      | Reached XP level 5. HP: 7/44 MP: 5/5
  2601 | D:3      | Reached skill level 8 in Bows
  3480 | D:4      | Noticed a phantom
  3492 | D:4      | Killed a phantom
  3492 | D:4      | Reached XP level 6. HP: 40/52 MP: 6/6
  3743 | D:4      | Found Gowimi's Assorted Antiques.
  3750 | D:4      | Bought a cloak for 99 gold pieces
  3920 | D:4      | Reached skill level 9 in Bows
  4050 | D:5      | Entered Level 5 of the Dungeon
  4252 | D:5      | Gained mutation: You tend to lose your temper in combat. [potion of mutation]
  4252 | D:5      | Gained mutation: You are partially covered in rugged brown scales. (AC +1, +3% HP) [potion of mutation]
  4468 | D:5      | Noticed a slave
  4468 | D:5      | Noticed a slave
  4469 | D:5      | Noticed a slave
  4493 | D:5      | Killed a slave
  4505 | D:5      | Noticed a slave
  4507 | D:5      | Killed a slave
  4511 | D:5      | Killed a slave
  4632 | D:5      | Noticed Pikel
  4670 | D:5      | Slain by Pikel

Skill      XL: |  1  2  3  4  5  6 |
---------------+-------------------+-----
Bows           | 6 7 8 9 |  9.4
Fighting       | 3 4 |  4.6
Dodging        | |  1.3
Stealth        | |  0.4

Action                   |  1- 3 |  4- 6 || total
-------------------------+-------+-------++-------
Melee: Short sword       |   132 |    99 ||   231
       Kick              |    19 |    24 ||    43
 Fire: Shortbow          |    21 |    27 ||    48
       Longbow           |       |    80 ||    80
  Use: Potion            |       |     5 ||     5
  Eat: Chunk             |     3 |     7 ||    10
Armor: Leather armour    |    55 |    39 ||    94
Dodge: Dodged            |    69 |    50 ||   119
